 Dungeon Crawl Stone Soup version 0.31-a0-229-g1fc7ce93e2 (webtiles) character file.

Game seed: 10197310609165257957

40 promet the Sneak (level 3, -4/16 HPs)
             Began as a Spriggan Venom Mage on July 7, 2023.
             Frozen to death by an endoplasm (5 damage)
             ... on level 2 of the Dungeon.
             The game lasted 00:09:57 (2301 turns).

promet the Sneak (Spriggan Venom Mage)              Turns: 2301, Time: 00:09:57

Health: -4/16      AC:  2    Str:  6    XL:     3   Next: 30%
Magic:  3/8        EV: 17    Int: 16    God:
Gold:   55         SH:  0    Dex: 15    Spells: 5/8 levels left

rFire   . . .        a - +0 rapier
rCold   . . .        (no shield)
rNeg    . . .        e - +0 robe
rPois   .            (helmet restricted)
rElec   .            (no cloak)
rCorr   .            (gloves unavailable)
SInv    +            (boots unavailable)
Will    .....        (no amulet)
Stlth   +++          (no ring)
HPRegen 0.22/turn    (no ring)
MPRegen 0.11/turn

%: no passive effects
@: hasted, very quick
A: very small, no large weapons, unfitting armour, see invisible, speed 3
a: no special abilities


You were on level 2 of the Dungeon.
You visited 1 branch of the dungeon, and saw 2 of its levels.

You collected 55 gold pieces.

Inventory:

Hand Weapons
 a - a +0 rapier (weapon)
 b - a +0 sling
 c - a +0 dagger
 k - a +0 hand axe of freezing
Missiles
 d - 10 stones
Armour
 e - a +0 robe (worn)
Scrolls
 f - 2 scrolls of identify
Potions
 g - a potion of enlightenment
 h - 2 potions of cancellation
 j - a potion of magic


   Skills:
 + Level 0.4 Axes
 + Level 2.8 Dodging
 * Level 3.8 Stealth
 + Level 3.2 Spellcasting
 + Level 1.8 Transmutations
 * Level 0.1 Air Magic
 + Level 3.4 Poison Magic


You had 5 spell levels left.
You knew the following spells:

 Your Spells              Type           Power      Damage    Failure   Level
a - Sting                 Tmut/Pois      44%        1d5       6%          1
b - Poisonous Vapours     Pois/Air       16%        N/A       13%         2

Your spell library contained the following spells:

 Spells                   Type           Power      Damage    Failure   Level
 Mephitic Cloud           Conj/Pois/Air  6%         N/A       32%         3
 Olgreb's Toxic Radiance  Pois           13%        N/A       41%         4
 Vhi's Electric Charge    Tloc/Air       4%         N/A       47%         3
 Arcjolt                  Conj/Air       1%         1d11      99%         5
 Freezing Cloud           Conj/Ice/Air   1%         6-21      99%         5
 Maxwell's Capacitive Co  Air            1%         ∞         100%        8


Dungeon Overview and Level Annotations

Branches:
Dungeon (2/15)

Altars:

Shops:
D:1 [*(:


Innate Abilities, Weirdness & Mutations

You are very small and have problems with some larger weapons.
You are too small for most types of armour.
You have supernaturally acute eyesight. (SInv)
You cover ground extremely quickly. (Speed+++)


Message History

Casting: Poisonous Vapours (safe; 13% risk of failure)
Confirm with . or Enter, or press ? or * to list all spells.
Aiming: Poisonous Vapours (safe; 13% risk of failure)
Press: ? - help, Dir - move target, f/p - worm
Aim: a worm (poisoned) Poisonous vapours surround the worm!
The worm looks even sicker.
Casting: Poisonous Vapours (safe; 13% risk of failure)
Confirm with . or Enter, or press ? or * to list all spells.
Aiming: Poisonous Vapours (safe; 13% risk of failure)
Press: ? - help, Dir - move target, f/p - worm
Aim: a worm (lightly wounded, very poisoned) Poisonous vapours surround the worm!
The worm looks even sicker.
Unknown command.
You hit the worm but do no damage.
The worm is moderately wounded.
The worm bites you!
Ouch! That really hurt!
The endoplasm completely misses you.
You hit the endoplasm.
The endoplasm is moderately wounded.
The endoplasm freezes you.
You are frozen.
* * * LOW HITPOINT WARNING * * *
Okay, then.
You hit the endoplasm but do no damage.
The endoplasm is moderately wounded.
The endoplasm closely misses you. The worm completely misses you.
You feel yourself speed up. The endoplasm freezes you.
You are frozen.
* * * LOW HITPOINT WARNING * * *
You hit the worm.
The worm is severely wounded.
The endoplasm hits you but does no damage.
The worm barely misses you.
You barely miss the worm.
The worm is severely wounded.
The endoplasm freezes you.
You are frozen.
You die...

#.# #.#
#.# #.#
#.# #.#
#.# #.#
#.# #.#
#.# #.#
#.## #.#
#..#
#J##
##.#
#@.#
#.####w#
#.##.#.#
#.##.#.#
#.##.#!#
#..#.#..
##.#.#.#
#.#.#..
#.#.#..


You could see a worm (very poisoned) and an endoplasm.

Vanquished Creatures
  A dart slug (D:1)
  6 endoplasms
  A giant cockroach (D:1)
  4 goblins
  4 hobgoblins
  3 jackals (D:1)
  A kobold (D:1)
  4 quokkas (D:1)
  A ball python (D:1)
  2 bats (D:1)
  4 frilled lizards (D:1)
  3 rats (D:1)
34 creatures vanquished.

Notes
Turn   | Place    | Note
-------+----------+-------------------------------------------
     0 | D:1      | promet the Spriggan Venom Mage began the quest for the Orb.
     0 | D:1      | Reached XP level 1. HP: 9/9 MP: 5/5
   446 | D:1      | Reached XP level 2. HP: 13/13 MP: 2/6
  1036 | D:1      | Learned a level 2 spell: Poisonous Vapours
  1054 | D:1      | Found Okkuz's Weapon Boutique.
  1058 | D:1      | Found Zosmed's Assorted Antiques.
  1581 | D:1      | Reached XP level 3. HP: 16/16 MP: 5/8
  1581 | D:1      | Found Esess's Antique Armour Shop.
  1677 | D:1      | Found Luxat's Book Emporium.
  1782 | D:1      | Found a faded altar of an unknown god.
  2301 | D:2      | Frozen to death by an endoplasm

Illustrated notes

Levels and vault maps discovered:
D:1:      shiori_arrival_maze, layout_basic, serial_shops,
          nicolae_shop_just_a_little_nook, nicolae_shop_tiny_glass, shop,
          nicolae_shop_tiny_waterfront,
          dreamdust_ecumenical_altar_hidden_monk_grotto, hex_tiny
D:2:      minmay_wonky_spiral, layout_rooms

Skill      XL: |  1  2 |
---------------+-------+-----
Spellcasting   | 3 |  3.2
Axes           | |  0.4
Dodging        | |  2.8
Stealth        | |  3.8
Transmutations | |  1.8
Air Magic      | |  0.1
Poison Magic   | |  3.4

Action                     || total
---------------------------++-------
  Melee: Hand axe          ||    20
         Dagger            ||     6
         Punch             ||     1
         Rapier            ||     5
   Fire: Sling             ||     7
   Cast: Sting             ||    36
         Poisonous Vapours ||    11
    Use: Scroll            ||     4
         Potion            ||     1
   Stab: Sleeping          ||     3
 Armour: Robe              ||     2
  Dodge: Dodged            ||    26

Table legend: (Time is in decaauts)
 A = Elapsed time spent in this place.
 B = Non-inter-level travel time spent in this place.
 C = Inter-level travel time spent in this place.
 D = Time resting spent in this place.
 E = Time spent auto-exploring this place.
 F = Levels seen in this place.
 G = Mean time per level.
                   A        B        C        D        E       F      G
               +--------+--------+--------+--------+--------+-----+--------+
         Total |   1891 |   1875 |     16 |   1042 |    354 |   2 |  945.5 |
       Dungeon |   1891 |   1875 |     16 |   1042 |    354 |   2 |  945.5 |
               +--------+--------+--------+--------+--------+-----+--------+

Top non-repeatable levels by time:
     D:1: 1832 daAuts
     D:2: 58 daAuts
